[ AOE2 MATCH · #506597770 ]
UnrankedKhitans vs Teutons
Player's team · WIN
Rival team · LOSS
[ REPLAY ANALYSIS · EXTRACTED FROM THE RECORDED GAME ]
Feudal
9:41
Castle
21:11
Imperial
35:06
| APM avg | 41.4 |
| APM peak | 87 |
| eAPM avg | 22.3 |
| Villagers / military | 119 / 36 |
Focus
⚔️ 31.4% · 🌾 68.6%
Cavalry Archer ×29 · Unknown (1920) ×10 · Trebuchet (Packed) ×6 · Monk ×1
Feudal
8:59
Castle
21:40
Imperial
—
| APM avg | 55.6 |
| APM peak | 123 |
| eAPM avg | 22.8 |
| Villagers / military | 55 / 15 |
Focus
⚔️ 29.4% · 🌾 70.6%
Knight ×6 · Monk ×4 · Spearman ×3 · Scout Cavalry ×2
Match map
Initial resources + every placement click. Lines = walls · curves = elevation contours. ◆ gold · ⬟ stone · ● berries · ✦ relic · ◌ wall gap
Your base· ✓ Closed at 21:11 · 56t walls · no gate
JuG's base· Open — opponent sealed themselves in
Smoothed initial terrain · ◌ = detected wall gap · hover for details
Inputs per minute
— 6 - - JuG
Build order — 6
First 150 of 248 actions detected
| 0:01 | Queue | Villager (Male) |
| 0:01 | Queue | Villager (Male) |
| 0:02 | Build | House |
| 0:03 | Build | House |
| 0:22 | Queue | Villager (Male) |
| 0:23 | Queue | Villager (Male) |
| 1:28 | Queue | Villager (Male) |
| 1:28 | Queue | Villager (Male) |
| 1:57 | Build | Lumber Camp |
| 2:02 | Queue | Villager (Male) |
| 2:02 | Queue | Villager (Male) |
| 2:17 | Queue | Villager (Male) |
| 2:17 | Queue | Villager (Male) |
| 2:36 | Queue | Villager (Male) |
| 2:36 | Queue | Villager (Male) |
| 3:02 | Queue | Villager (Male) |
| 3:02 | Queue | Villager (Male) |
| 3:34 | Queue | Villager (Male) |
| 3:34 | Queue | Villager (Male) |
| 3:49 | Build | House |
| 3:50 | Build | House |
| 3:57 | Queue | Villager (Male) |
| 3:57 | Queue | Villager (Male) |
| 3:59 | Queue | Villager (Male) |
| 4:00 | Queue | Villager (Male) |
| 4:05 | Build | Palisade Wall |
| 4:52 | Queue | Villager (Male) |
| 4:53 | Queue | Villager (Male) |
| 4:53 | Queue | Villager (Male) |
| 4:55 | Queue | Villager (Male) |
| 4:56 | Queue | Villager (Male) |
| 5:08 | Build | Palisade Wall |
| 5:31 | Queue | Villager (Male) |
| 5:39 | Build | Mill |
| 5:44 | Research | Loom |
| 6:25 | Build | Palisade Wall |
| 6:29 | Queue | Villager (Male) |
| 7:14 | Build | Palisade Wall |
| 7:23 | Research | Feudal Age |
| 7:59 | Build | House |
| 8:03 | Queue | Villager (Male) |
| 8:10 | Build | Palisade Wall |
| 8:26 | Build | Palisade Wall |
| 8:29 | Queue | Villager (Male) |
| 8:34 | Build | Barracks |
| 9:02 | Build | Palisade Wall |
| 9:28 | Build | House |
| 9:29 | Build | House |
| 9:37 | Build | House |
| 9:39 | Queue | Villager (Male) |
| 9:41 | Age | Feudal Age |
| 9:44 | Research | Double-Bit Axe |
| 9:49 | Research | Tech 1014 |
| 9:50 | Research | Tech 1014 |
| 10:09 | Build | House |
| 10:12 | Queue | Villager (Male) |
| 10:39 | Build | House |
| 10:43 | Build | Palisade Wall |
| 10:50 | Build | Pasture |
| 11:02 | Queue | Villager (Male) |
| 11:12 | Build | Pasture |
| 11:36 | Build | Pasture |
| 11:43 | Queue | Villager (Male) |
| 11:50 | Queue | Villager (Male) |
| 11:54 | Build | House |
| 12:21 | Build | Archery Range |
| 12:35 | Build | House |
| 12:41 | Queue | Villager (Male) |
| 12:43 | Research | Town Watch |
| 12:58 | Build | House |
| 13:08 | Queue | Villager (Male) |
| 13:22 | Build | Lumber Camp |
| 13:34 | Queue | Villager (Male) |
| 13:59 | Build | Blacksmith |
| 14:03 | Queue | Villager (Male) |
| 14:17 | Build | House |
| 14:30 | Queue | Villager (Male) |
| 14:48 | Queue | Villager (Male) |
| 14:51 | Queue | Villager (Male) |
| 14:56 | Build | Market |
| 15:05 | Queue | Villager (Male) |
| 15:10 | Build | Pasture |
| 15:12 | Build | Pasture |
| 15:15 | Build | Pasture |
| 15:20 | Build | Pasture |
| 15:22 | Queue | Villager (Male) |
| 15:28 | Research | Fletching |
| 15:41 | Build | Pasture |
| 15:42 | Queue | Villager (Male) |
| 16:04 | Build | Mining Camp |
| 16:05 | Queue | Villager (Male) |
| 17:15 | Queue | Villager (Male) |
| 17:16 | Queue | Villager (Male) |
| 18:28 | Research | Castle Age |
| 18:28 | Research | Castle Age |
| 18:45 | Build | Pasture |
| 18:58 | Research | Forging |
| 20:00 | Queue | Villager (Male) |
| 20:22 | Research | Padded Archer Armor |
| 20:26 | Research | Gold Mining |
| 21:11 | Age | Castle Age |
| 21:14 | Build | Castle |
| 21:20 | Queue | Villager (Male) |
| 21:34 | Queue | Villager (Male) |
| 21:51 | Build | Town Center |
| 21:53 | Queue | Villager (Male) |
| 22:33 | Queue | Villager (Male) |
| 22:35 | Research | Bow Saw |
| 22:37 | Queue | Villager (Male) |
| 22:48 | Research | Bodkin Arrow |
| 23:10 | Queue | Villager (Male) |
| 23:13 | Queue | Villager (Male) |
| 23:13 | Queue | Villager (Male) |
| 23:33 | Queue | Villager (Male) |
| 23:38 | Research | Wheelbarrow |
| 23:44 | Build | Pasture |
| 23:48 | Queue | Villager (Male) |
| 24:02 | Build | Monastery |
| 24:13 | Queue | Villager (Male) |
| 24:15 | Queue | Villager (Male) |
| 24:16 | Queue | Cavalry Archer |
| 24:16 | Queue | Cavalry Archer |
| 24:16 | Queue | Cavalry Archer |
| 24:33 | Build | Archery Range |
| 24:38 | Queue | Villager (Male) |
| 24:40 | Queue | Villager (Male) |
| 24:43 | Queue | Villager (Male) |
| 24:45 | Queue | Villager (Male) |
| 24:51 | Queue | Villager (Male) |
| 24:51 | Queue | Villager (Male) |
| 24:54 | Queue | Cavalry Archer |
| 24:54 | Queue | Cavalry Archer |
| 25:17 | Queue | Cavalry Archer |
| 25:28 | Queue | Cavalry Archer |
| 25:29 | Queue | Cavalry Archer |
| 25:29 | Queue | Cavalry Archer |
| 25:30 | Queue | Villager (Male) |
| 25:32 | Queue | Villager (Male) |
| 25:34 | Queue | Villager (Male) |
| 25:38 | Research | Tech 1013 |
| 25:49 | Build | Palisade Gate |
| 25:58 | Queue | Villager (Male) |
| 26:00 | Queue | Villager (Male) |
| 26:19 | Queue | Cavalry Archer |
| 26:20 | Queue | Cavalry Archer |
| 26:31 | Queue | Monk |
| 26:39 | Queue | Villager (Male) |
| 27:15 | Build | Palisade Wall |
| 27:43 | Queue | Cavalry Archer |
| 27:43 | Queue | Cavalry Archer |
Build order — JuG
First 150 of 195 actions detected
| 0:00 | Queue | Villager (Male) |
| 0:00 | Queue | Villager (Male) |
| 0:01 | Queue | Villager (Male) |
| 0:01 | Queue | Villager (Male) |
| 0:02 | Build | House |
| 0:04 | Build | House |
| 1:23 | Queue | Villager (Male) |
| 1:54 | Build | Lumber Camp |
| 2:00 | Queue | Villager (Male) |
| 2:18 | Queue | Villager (Male) |
| 2:53 | Queue | Villager (Male) |
| 3:11 | Queue | Villager (Male) |
| 3:28 | Build | House |
| 3:37 | Queue | Villager (Male) |
| 3:54 | Queue | Villager (Male) |
| 4:12 | Queue | Villager (Male) |
| 4:21 | Queue | Villager (Male) |
| 4:42 | Build | Mill |
| 5:11 | Queue | Villager (Male) |
| 5:58 | Queue | Villager (Male) |
| 6:06 | Research | Loom |
| 6:49 | Research | Feudal Age |
| 7:36 | Build | House |
| 8:19 | Build | House |
| 8:42 | Build | Mining Camp |
| 8:49 | Queue | Villager (Male) |
| 8:59 | Age | Feudal Age |
| 8:59 | Build | Barracks |
| 9:03 | Queue | Villager (Male) |
| 9:22 | Research | Double-Bit Axe |
| 9:27 | Queue | Villager (Male) |
| 9:33 | Build | House |
| 9:38 | Build | Palisade Wall |
| 9:40 | Queue | Villager (Male) |
| 10:06 | Build | Palisade Gate |
| 10:10 | Queue | Spearman |
| 10:19 | Queue | Villager (Male) |
| 10:36 | Build | Palisade Wall |
| 10:39 | Queue | Spearman |
| 10:39 | Queue | Spearman |
| 10:41 | Queue | Villager (Male) |
| 11:15 | Build | Watch Tower |
| 11:22 | Build | Farm |
| 11:30 | Research | Horse Collar |
| 11:32 | Build | Farm |
| 11:33 | Build | Farm |
| 11:38 | Build | Blacksmith |
| 11:49 | Build | Farm |
| 11:58 | Queue | Villager (Male) |
| 11:59 | Queue | Villager (Male) |
| 12:13 | Build | Watch Tower |
| 12:18 | Research | Fletching |
| 12:23 | Build | Farm |
| 12:29 | Build | Palisade Wall |
| 12:42 | Build | Farm |
| 12:42 | Queue | Villager (Male) |
| 12:58 | Build | Palisade Wall |
| 13:00 | Build | Palisade Wall |
| 13:17 | Build | Watch Tower |
| 13:20 | Queue | Villager (Male) |
| 13:24 | Build | Farm |
| 13:36 | Build | Palisade Wall |
| 13:41 | Build | Palisade Wall |
| 13:50 | Queue | Villager (Male) |
| 13:50 | Queue | Villager (Male) |
| 13:54 | Build | Farm |
| 14:15 | Build | House |
| 14:30 | Queue | Villager (Male) |
| 14:52 | Build | Watch Tower |
| 15:08 | Queue | Villager (Male) |
| 15:11 | Build | Mining Camp |
| 15:20 | Build | House |
| 15:22 | Build | House |
| 15:26 | Queue | Villager (Male) |
| 15:29 | Build | Farm |
| 15:42 | Build | Farm |
| 15:44 | Build | Farm |
| 16:21 | Build | Farm |
| 16:38 | Build | Watch Tower |
| 16:41 | Queue | Villager (Male) |
| 16:45 | Build | House |
| 16:56 | Queue | Villager (Male) |
| 17:14 | Build | Farm |
| 17:16 | Build | Farm |
| 17:17 | Queue | Villager (Male) |
| 17:58 | Build | Stable |
| 18:12 | Build | Watch Tower |
| 19:00 | Research | Castle Age |
| 19:26 | Research | Scale Barding Armor |
| 20:00 | Research | Stone Mining |
| 20:21 | Build | House |
| 20:34 | Queue | Scout Cavalry |
| 20:34 | Queue | Scout Cavalry |
| 21:26 | Build | Watch Tower |
| 21:40 | Age | Castle Age |
| 21:43 | Research | Bodkin Arrow |
| 21:48 | Queue | Villager (Male) |
| 21:55 | Build | Monastery |
| 22:11 | Queue | Villager (Male) |
| 22:11 | Queue | Villager (Male) |
| 22:39 | Build | Mining Camp |
| 22:44 | Queue | Monk |
| 22:44 | Queue | Monk |
| 22:46 | Queue | Villager (Male) |
| 22:46 | Queue | Villager (Male) |
| 22:47 | Queue | Villager (Male) |
| 23:20 | Queue | Villager (Male) |
| 23:20 | Queue | Villager (Male) |
| 23:22 | Queue | Knight |
| 23:22 | Queue | Knight |
| 23:22 | Queue | Knight |
| 23:29 | Build | Lumber Camp |
| 23:35 | Build | Lumber Camp |
| 23:50 | Research | Town Watch |
| 23:56 | Queue | Villager (Male) |
| 23:56 | Queue | Villager (Male) |
| 24:07 | Build | Farm |
| 24:07 | Build | Farm |
| 24:16 | Queue | Villager (Male) |
| 24:30 | Build | House |
| 24:35 | Build | Farm |
| 24:39 | Queue | Villager (Male) |
| 24:39 | Queue | Villager (Male) |
| 24:51 | Queue | Monk |
| 24:57 | Build | Farm |
| 25:24 | Build | House |
| 25:26 | Build | House |
| 25:27 | Build | House |
| 25:28 | Build | House |
| 25:30 | Build | Farm |
| 25:32 | Research | Heavy Plow |
| 25:47 | Build | Farm |
| 25:47 | Build | Farm |
| 25:49 | Queue | Villager (Male) |
| 25:49 | Queue | Villager (Male) |
| 26:17 | Build | Castle |
| 26:23 | Build | Farm |
| 26:39 | Build | Mining Camp |
| 26:40 | Build | Farm |
| 26:40 | Build | Farm |
| 27:13 | Queue | Villager (Male) |
| 27:14 | Queue | Villager (Male) |
| 27:19 | Build | Market |
| 27:22 | Build | House |
| 27:36 | Build | House |
| 27:38 | Build | House |
| 27:47 | Queue | Knight |
| 27:47 | Queue | Knight |
| 27:48 | Queue | Knight |
| 28:03 | Build | Mining Camp |
Match timeline
| 4:05 | 6 · wall_segment Palisade Wall x6 |
| 5:08 | 6 · wall_segment Palisade Wall x9 |
| 6:25 | 6 · wall_segment Palisade Wall x15 |
| 7:14 | 6 · wall_segment Palisade Wall x8 |
| 8:10 | 6 · wall_segment Palisade Wall x6 |
| 8:26 | 6 · wall_segment Palisade Wall x8 |
| 8:34 | 6 · first_building Barracks |
| 8:59 | JuG · age_up feudal |
| 8:59 | JuG · first_building Barracks |
| 9:02 | 6 · wall_segment Palisade Wall x3 |
| 9:38 | JuG · wall_segment Palisade Wall x1 |
| 9:41 | 6 · age_up feudal |
| 10:36 | JuG · wall_segment Palisade Wall x13 |
| 10:43 | 6 · wall_segment Palisade Wall x1 |
| 12:21 | 6 · first_building Archery Range |
| 12:29 | JuG · wall_segment Palisade Wall x5 |
| 12:58 | JuG · wall_segment Palisade Wall x6 |
| 13:00 | JuG · wall_segment Palisade Wall x8 |
| 13:36 | JuG · wall_segment Palisade Wall x8 |
| 13:41 | JuG · wall_segment Palisade Wall x9 |
| 17:58 | JuG · first_building Stable |
| 18:22 | 6 · first_market_sell 500 wood |
| 18:24 | 6 · first_market_buy 100 food |
| 21:11 | 6 · age_up castle |
| 21:14 | 6 · first_building Castle |
| 21:40 | JuG · age_up castle |
| 21:55 | JuG · first_building Monastery |
| 24:02 | 6 · first_building Monastery |
| 26:17 | JuG · first_building Castle |
| 27:15 | 6 · wall_segment Palisade Wall x1 |
| 28:30 | JuG · first_market_buy 100 stone |
| 28:44 | JuG · first_market_sell 100 food |
| 35:06 | 6 · age_up imperial |
| 37:56 | JuG · resign |
[ AI ANALYSIS · 1 CREDIT ]
What really happened in this match?
Wolo.gg analyzes every decision: build order, eco, micro, common mistakes by bracket. Personalized analysis on WhatsApp or Discord in 30 seconds.
Civ guide
Khitans
Perfil
123